Map: Abyssal Reef LE

Players

FalcoN

  • Race: Terran Terran
  • League: Diamond
  • Spawn Location: 11:00

Musumeci - Winner!

  • Race: Zerg Zerg
  • League: Diamond
  • Spawn Location: 5:00

VOD

Have the link to the VOD?

Description

Time

  • Played on: March 12, 2017, 7:54 a.m.
  • Length: 14:57
Show
View Real Time Build Order
Export as new Build Order

FalcoN Terran 

Build Orders: Reaper Expand, Bio Tank 

Get SALT Encoding   

  12  0:00  SCV  
  13  0:13  SCV  
  14  0:17  Supply Depot  
  14  0:25  SCV  
  15  0:39  SCV  
  15  0:40  Barracks  
  16  0:44  Refinery  
  16  0:51  SCV  
  17  1:03  SCV  
  18  1:15  SCV  
  19  1:27  Reaper  
  19  1:28  Orbital Command  
  20  1:43  Command Center  
  20  1:53  SCV  
  21  1:54  Supply Depot  
  21  2:01  Barracks Reactor  
  21  2:05  SCV  
  22  2:29  Factory  
  21  2:32  SCV  
  22  2:41  Marine x2  
  24  2:44  SCV  
  24  2:48  Refinery  
  24  2:56  SCV  
  25  3:04  Marine x2  
  27  3:12  SCV  
  28  3:18  Factory Reactor  
  28  3:19  Starport  
  28  3:22  Marine x2  
  28  3:24  SCV  
  30  3:34  Orbital Command  
  30  3:41  Marine x2  
  32  3:45  Barracks  
  32  3:48  Barracks  
  32  3:52  SCV  
  32  3:55  Hellion x2  
  37  3:59  Viking  
  40  4:02  SCV  
  40  4:04  SCV, Marine, Supply Depot  
  40  4:06  Marine  
  43  4:15  SCV  
  43  4:16  SCV  
  45  4:26  Hellion  
  45  4:27  Hellion  
  45  4:28  SCV x2, Supply Depot  
  51  4:38  Barracks Tech Lab x2  
  51  4:40  SCV  
  51  4:41  SCV, Marine  
  54  4:46  Supply Depot  
  54  4:49  Marine  
  54  4:51  Supply Depot  
  55  4:52  SCV  
  55  4:54  Hellion  
  55  4:57  Hellion  
  60  5:00  Stimpack  
  60  5:02  Starport Reactor  
  60  5:05  SCV x2  
  62  5:10  Refinery  
  62  5:12  Refinery  
  62  5:20  Marine  
  63  5:21  Marine  
  63  5:22  Marauder, SCV x2  
  68  5:29  Supply Depot  
  68  5:32  Engineering Bay  
  68  5:34  SCV x2  
  70  5:37  Marine  
  70  5:38  Marine  
  72  5:43  Siege Tank  
  72  5:46  SCV, Medivac  
  78  5:51  SCV  
  78  5:55  Medivac  
  78  5:56  Infernal Pre-Igniter  
  81  5:59  SCV, Terran Infantry Weapons Level 1  
  81  6:03  Armory  
  82  6:05  SCV  
  83  6:18  Marine x2, Supply Depot  
  83  6:19  Marine  
  86  6:25  Supply Depot  
  86  6:30  Missile Turret  
  86  6:40  SCV x2, Medivac, Siege Tank, Supply Depot  
  93  6:47  Medivac  
  93  6:52  SCV x2  
  97  6:59  Supply Depot  
  97  7:00  Marine x4  
  101  7:15  Marauder  
  105  7:17  Siege Tank  
  105  7:18  Medivac  
  105  7:19  Medivac  
  105  7:20  Marine x2  
  112  7:33  Command Center  
  112  7:38  Marine x2  
  114  7:45  Terran Vehicle Weapons Level 1  
  114  7:46  Combat Shields  
  114  7:50  Siege Tank  
  115  7:53  Terran Infantry Armor Level 1  
  115  7:55  SCV x2  
  117  7:59  Liberator  
  117  8:02  Barracks  
  107  8:07  SCV, Barracks  
  102  8:13  Marauder, Marine x4  
  111  8:22  Siege Tank  
  111  8:31  Marine x2  
  98  8:35  Marauder, Marine x2  
  87  8:43  SCV  
  87  8:44  SCV  
  87  8:45  Orbital Command  
  86  8:49  Marine x2  
  86  8:50  Barracks Reactor  
  89  8:55  SCV  
  89  8:56  Marauder, SCV  
  89  9:00  Liberator  
  89  9:02  Engineering Bay  
  92  9:04  Barracks Tech Lab  
  92  9:06  Siege Tank  
  92  9:07  SCV, Concussive Shells  
  92  9:08  SCV, Marine x2  
  92  9:09  Marine x2  
  100  9:12  SCV  
  102  9:17  Marauder  
  102  9:19  SCV  
  102  9:20  SCV  
  109  9:29  Marauder, Marine x4  
  109  9:30  Marine x2  
  117  9:31  SCV  
  117  9:35  Refinery  
  117  9:37  Refinery  
  117  9:38  Terran Infantry Weapons Level 2, Siege Tank  
  118  9:39  Marauder  
  118  9:42  Terran Vehicle Weapons Level 2  
  118  9:44  SCV x3  
  126  9:47  Marine x2  
  128  9:53  Marine x4  
  132  10:06  Marine  
  133  10:08  Command Center  
  133  10:13  Supply Depot  
  133  10:14  Supply Depot  
  133  10:16  Supply Depot  
  133  10:19  Marine  
  133  10:21  Marauder x2, Siege Tank  
  122  10:30  Marine x3  
  122  10:31  Marine  
  122  10:33  Marine  
  117  10:35  Medivac  
  117  10:37  Marine, Supply Depot  
  117  10:39  Supply Depot  
  117  10:42  Marauder x2  
  112  10:48  Marine x3  
  106  10:59  Marine x3  
  106  11:00  Siege Tank  
  106  11:04  Marauder x2  
  102  11:11  Marine x2  
  102  11:12  Marine  
  102  11:16  Marine  
  102  11:17  Marine x2  
  108  11:21  SCV  
  108  11:22  Missile Turret  
  108  11:25  Marauder x2  
  101  11:29  Marine  
  101  11:32  Siege Tank  
  102  11:34  Marine x2  
  102  11:35  Marine x3  
  102  11:37  Terran Infantry Armor Level 2  
  107  11:46  Marauder x2  
  111  11:47  Marine  
  111  11:52  Marine x4  
  111  11:53  Marine  
  109  12:04  Medivac x2, Siege Tank  
  109  12:05  Marine  
  109  12:08  Marauder x2  
  119  12:10  Marine  
  109  12:28  Missile Turret  
  109  12:29  Marauder x2  
  109  12:45  Marine x4  
  109  12:46  Marine x2  
  109  12:47  Siege Tank  
  109  12:48  Medivac x2  
  109  12:50  Marauder x2  
  126  12:55  Missile Turret x2  
  126  13:03  Marine x3  
  129  13:12  Marauder x2  
  128  13:19  Marine x3, Siege Tank  
  113  13:23  SCV x2  
  115  13:30  SCV  
  115  13:33  Marauder x2  
  120  13:35  SCV x2  
  118  13:46  Missile Turret  
  118  13:55  Marauder x2  
  122  14:18  Command Center  
  122  14:23  Command Center  
  121  14:25  Marauder x2, Marine x2  
  121  14:26  Marine  
Show
View Real Time Build Order
Export as new Build Order

Musumeci Zerg - Winner!

Build Orders: Hatch First 

Get SALT Encoding   

  12  0:05  Drone  
  13  0:08  Drone  
  13  0:14  Extractor  
  13  0:15  Drone  
  15  0:41  Hatchery  
  14  0:50  Drone, Extractor  
  15  1:05  Spawning Pool  
  14  1:13  Drone, Extractor  
  14  1:16  Drone, Extractor  
  16  1:20  Overlord  
  16  1:40  Drone x2  
  16  1:46  Drone  
  19  1:52  Queen  
  19  1:53  Queen  
  23  1:58  Drone  
  23  2:00  Drone  
  25  2:06  Overlord  
  25  2:10  Drone  
  26  2:16  Drone  
  27  2:27  Queen  
  29  2:31  Queen  
  30  2:47  Drone  
  30  2:48  Drone x5  
  36  3:18  Hatchery, Overlord x2  
  35  3:20  Drone  
  36  3:31  Drone  
  36  3:40  Drone x8  
  44  3:45  Overlord  
  44  3:47  Overlord  
  44  3:49  Drone x2  
  44  3:53  Drone  
  47  3:57  Extractor  
  47  3:59  Drone  
  47  4:00  Extractor, Roach Warren  
  47  4:01  Extractor  
  44  4:18  Evolution Chamber x2  
  42  4:26  Drone x7  
  49  4:34  Spore Crawler  
  49  4:36  Spore Crawler  
  49  4:37  Spore Crawler x3  
  44  4:38  Overlord  
  44  4:40  Roach  
  46  4:47  Roach x2  
  50  4:58  Zerg Missile Weapons Level 1  
  50  5:00  Lair  
  50  5:04  Drone x4, Extractor  
  53  5:15  Roach x3  
  59  5:29  Drone x2  
  59  5:31  Roach x4  
  59  5:33  Ravager  
  70  5:37  Drone  
  70  5:38  Drone  
  70  5:39  Drone x2  
  70  5:42  Overlord  
  74  5:49  Zerg Ground Armor Level 1  
  74  6:23  Glial Reconstitution  
  74  6:27  Roach x4  
  74  6:28  Overlord x5  
  82  6:45  Extractor  
  82  6:46  Drone  
  82  6:48  Drone  
  82  6:49  Drone x2, Extractor  
  82  6:50  Drone x3  
  82  6:51  Drone x7  
  82  6:53  Drone x3  
  97  6:56  Ravager x7  
  104  7:08  Overlord x2  
  104  7:09  Overlord  
  104  7:15  Zerg Missile Weapons Level 2  
  104  7:18  Drone  
  104  7:19  Drone x3  
  104  7:20  Drone x2  
  111  7:22  Ravager  
  111  7:23  Roach, Ravager  
  111  7:25  Overlord x2  
  111  7:28  Roach  
  111  7:29  Roach  
  118  8:08  Roach x12  
  118  8:09  Roach x2  
  141  8:21  Roach x6  
  129  8:41  Roach x6  
  128  8:55  Extractor  
  127  8:56  Hatchery  
  127  8:58  Extractor  
  125  9:11  Ravager x3  
  125  9:12  Roach x10  
  148  9:21  Drone  
  148  9:23  Drone  
  150  9:30  Zerg Ground Armor Level 2  
  150  9:32  Infestation Pit  
  150  9:36  Roach x2  
  150  9:38  Overlord x2  
  153  9:48  Ravager  
  154  10:04  Tunneling Claws  
  154  10:06  Ravager x6  
  154  10:07  Ravager  
  161  10:08  Roach x7  
  175  10:15  Hive  
  175  10:16  Burrow  
  150  10:30  Roach x4  
  150  10:31  Roach x13  
  175  10:40  Roach x5  
  161  10:52  Roach x7  
  161  10:56  Ravager x3  
  174  11:11  Overlord x5  
  174  11:13  Drone x2  
  159  11:39  Zerg Missile Weapons Level 3  
  159  11:42  Roach  
  159  11:43  Roach x2  
  159  11:44  Roach x4  
  159  11:45  Roach  
  159  11:46  Roach x5  
  159  11:53  Roach x5  
  159  12:00  Roach x12  
  159  12:01  Roach x14  
  196  12:08  Roach x2  
  196  12:09  Roach x2  
  184  12:40  Roach x8  
  184  12:42  Ravager x2  
  163  13:14  Roach  
  163  13:15  Roach x13  
  163  13:16  Roach x7  
  166  13:33  Roach x6  
  166  13:40  Roach x2  
  166  13:43  Ravager x4  
  166  13:44  Ravager  
  166  13:48  Ravager x12  
  167  14:09  Ravager x8  
  171  14:17  Roach x2  
  168  14:29  Drone x5  
  168  14:30  Extractor  
  172  14:32  Roach x2  
Tags
 
Add a new tag
Caveats
  • Supply blocks, unpowered buildings, or Contaminate may cause inaccurate times.
  • Supply counts are checked every 10 seconds.